 Dungeon Crawl Stone Soup version 0.31-a0-1300-gb6740aa4e6 (webtiles) character file.

Game seed: 12978278659503914239

20059 bmb222 the Grappler (level 12, -4/121 HPs)
             Began as a Troll Shapeshifter on Dec 18, 2023.
             Slain by a minotaur
             ... wielding a +3 long sword of freezing
              (24 damage)
             ... in a Gauntlet.
             The game lasted 00:18:50 (12824 turns).

bmb222 the Grappler (Troll Shapeshifter)           Turns: 12824, Time: 00:18:50

Health: -4/121     AC: 14    Str: 26 (28) XL:     12   Next: 42%
Magic:  11/11      EV: 13    Int:  2 (5)  God:
Gold:   1036       SH:  7    Dex: 15 (17) Spells: 11/11 levels left

rFire   . .          .
                       - Unarmed
rCold   + . .        (no shield)
rNeg    . . .        M - +2 swamp dragon scales
rPois   +            (helmet currently unavailable)
rElec   .            E - melded +0 cloak
rCorr   .            (gloves unavailable)
SInv    +            (boots unavailable)
Will    .....        e - amulet of the Rhinotaur {Reflect Dex+4 SH+5}
Stlth   +            Y - ring of the Octopus King {HP+2 AC+2 EV+2 SH+2 SInv}
HPRegen 1.20/turn    I - ring of protection from cold
MPRegen 0.12/turn

%: no teleportation, reflection
@: beast-form, studying Shields
A: beast (slay +4), large, unfitting armour, claws 3, regeneration 1, shaggy fur
1, tough skin 1, agile 1, poison resistance, wild magic 1, noise suppression
a: Begin Untransformation


You were in a Gauntlet.
You were a hulking beast.
You visited 2 branches of the dungeon, and saw 14 of its levels.
You also visited: Gauntlet.

You collected 1780 gold pieces.
You spent 744 gold pieces at shops.

Inventory:

Hand Weapons
 x - the +10 flail of Disharmony {vamp, rC+}
   (You found it on level 5 of the Dungeon)

   rC+:       It protects you from cold.
Missiles
 A - 3 throwing nets
 S - 6 poisoned darts (quivered)
Armour
 a - a +0 animal skin
 b - a +0 helmet
 E - a +0 cloak (melded)
 F - an orb of guile
 G - a +2 robe of cold resistance
 M - +2 swamp dragon scales (worn)
 X - the +1 pair of boots of Uhedih {rPois rN+++ Str-4}
   (You found it in a Gauntlet)

   Str-4:     It affects your strength (-4).
   rPois:     It protects you from poison rN+++: It renders you almost immune to
   negative energy.
 Z - the +1 helmet of the Shimmering Gods {^Contam rElec Str+2 Int+4}
   (You found it in a Gauntlet)

   Str+2:     It affects your strength (+2).
   Int+4:     It affects your intelligence (+4).
   rElec:     It insulates you from electricity.
   ^Contam:   It causes magical contamination when unequipped.
Jewellery
 e - the amulet of the Rhinotaur (around neck) {Reflect Dex+4 SH+5}
   (You acquired it on level 4 of the Dungeon)

   [amulet of reflection]

   Reflect:   It reflects blocked missile attacks.
   Dex+4:     It affects your dexterity (+4).
   SH+5:      It affects your SH (+5).
 k - the ring "Kyqugoz" {rN+ Int+6 Dex+3}
   (You found it in a Gauntlet)

   [ring of intelligence]

   Int+6:     It affects your intelligence (+6).
   Dex+3:     It affects your dexterity (+3).
   rN+:       It protects you from negative energy.
 m - a ring of see invisible
 n - a ring of resist corrosion
 q - a ring of flight
 w - an amulet of the acrobat
 z - a +6 ring of intelligence
 H - a +6 ring of dexterity
 I - a ring of protection from cold (right claw)
 Q - a ring of magical power
 R - a +4 ring of protection
 T - a ring of ice
 Y - a ring of the Octopus King (left claw) {HP+2 AC+2 EV+2 SH+2 SInv}
   (You found it in a Gauntlet)

   [ring of see invisible]

   AC+2:      It affects your AC (+2).
   EV+2:      It affects your evasion (+2).
   HP+2:      It affects your health (+2).
   SInv:      It lets you see invisible.
   SH+2:      It affects your SH (+2).
Talismans
 c - a beast talisman (active)
 j - a flux talisman
Wands
 d - a wand of flame (16)
 u - a wand of mindburst (2)
 B - a wand of paralysis (11)
Scrolls
 g - 3 scrolls of butterflies
 h - 4 scrolls of enchant armour
 i - a scroll of silence
 t - 3 scrolls of poison
 y - 3 scrolls of teleportation
 C - 4 scrolls of enchant weapon
 D - a scroll of immolation
 J - a scroll of brand weapon
 K - 2 scrolls of torment
 L - a scroll of noise {unknown}
 N - a scroll of vulnerability {unknown}
 V - a scroll of revelation {unknown}
 W - a scroll of fear
Potions
 f - 5 potions of curing
 l - 6 potions of attraction {unknown}
 o - 2 potions of magic {unknown}
 s - a potion of cancellation
 v - a potion of degeneration
 O - 3 potions of brilliance
 P - 2 potions of invisibility {unknown}


   Skills:
 * Level 7.9 Fighting
 * Level 5.0 Armour
 - Level 6.4 Dodging
 - Level 0.5 Stealth
 - Level 4.2 Shields
 - Level 13.5 Unarmed Combat
 + Level 0.5 Evocations
 + Level 7.6 Shapeshifting


You had 11 spell levels left.
You didn't know any spells.
Your spell library contained the following spells:

 Spells                   Type           Power      Damage    Failure   Level
 Magic Dart               Conj           0%         1d3       75%         1
 Sting                    Tmut/Pois      0%         1d3       75%         1
 Call Imp                 Summ           0%         N/A       87%         2
 Cigotuvi's Dreadful Rot  Necr/Pois/Air  0%         N/A       87%         2
 Poisonous Vapours        Pois/Air       0%         N/A       87%         2
 Sublimation of Blood     Necr           0%         N/A       87%         2
 Dazzling Flash           Conj/Hex       0%         N/A       98%         3
 Ignite Poison            Fire/Tmut/Pois 0%         N/A       98%         3
 Inner Flame              Hex/Fire       0%         N/A       98%         3
 Mephitic Cloud           Conj/Pois/Air  0%         N/A       98%         3
 Tukima's Dance           Hex            0%         N/A       98%         3
 Dimensional Bullseye     Hex/Tloc       0%         N/A       100%        4
 Flame Wave               Conj/Fire      0%         2d4       100%        4
 Iskenderun's Mystic Bla  Conj/Tloc      0%         2d3       100%        4
 Olgreb's Toxic Radiance  Pois           0%         N/A       100%        4
 Petrify                  Tmut/Erth      0%         N/A       100%        4
 Sticky Flame             Conj/Fire      0%         2d3       100%        4
 Vhi's Electric Charge    Tloc/Air       0%         N/A       100%        4
 Agony                    Necr           0%         N/A       100%        5
 Arcjolt                  Conj/Air       0%         1d10      100%        5
 Freezing Cloud           Conj/Ice/Air   0%         6-21      100%        5
 Irradiate                Conj/Tmut      0%         3d11      100%        5
 Silence                  Hex/Air        0%         N/A       100%        5
 Plasma Beam              Fire/Air       0%         2x1d10    100%        6
 Haunt                    Necr/Summ      0%         N/A       100%        7
 Borgnjor's Revivificati  Necr           0%         N/A       100%        8
 Death's Door             Necr           0%         N/A       100%        9


Dungeon Overview and Level Annotations

Branches:
Dungeon (12/15)            Temple (0/1) D:5            Lair (2/5) D:8
Gauntlet (1/1)
  Swamp: Lair:2-3    Shoals: Lair:2-3     Snake: Lair:2-3    Spider: Lair:2-3
    Orc: D:9-12

Altars:
Ashenzari
Gozag
Makhleb
Nemelex Xobeh
Okawaru
Qazlal
Ru
Trog
Vehumet
Lugonu

Shops:
D:5 [   D:7 *   D:10 *

Portals:
Abyss: D:12

Annotations:
D:9 exclusion: obsidian statue
D:12 2 runed translucent doors Gauntlet 4 transporters


Innate Abilities, Weirdness & Mutations

You are a hulking beast.
Your limbs bulge with bestial killing power. (Slay +4)
You are too large for most types of armour.
You have claws for hands.
Your natural rate of healing is unusually fast.
You are covered in fur. (AC +1)
You have tough skin. (AC +1)
You are agile. (Dex +4, Str/Int -1)
Your system is resistant to poisons. (rPois)
Your spells are a little harder to cast, but a little more powerful.
You passively dampen the noise of your surroundings.


Message History

You block the minotaur's attack.
You mangle the minotaur!!
The minotaur is heavily wounded.
You block the minotaur's attack. The minotaur gores you!
The minotaur blocks your attack.
The minotaur is moderately wounded.
The minotaur closely misses you. The minotaur misses you.
The minotaur blocks your attack.
The minotaur is moderately wounded.
You scratch the minotaur.
You claw the minotaur, but do no damage.
The minotaur is moderately wounded.
The minotaur hits you with a +3 long sword of freezing!
The minotaur freezes you. The minotaur gores you!
You mangle the minotaur!!
The minotaur is severely wounded.
The minotaur hits you with a +3 long sword of freezing!!
* * * LOW HITPOINT WARNING * * *
The minotaur freezes you.
* * * LOW HITPOINT WARNING * * *
You block the minotaur's attack.
You feel much better.
The minotaur hits you with a +3 long sword of freezing.
* * * LOW HITPOINT WARNING * * *
The minotaur gores you!
* * * LOW HITPOINT WARNING * * *
Blink to where?
Press: ? - help, Dir - move target, p - minotaur
As you read the scroll of blinking, it crumbles to dust.
You claw the minotaur!
The minotaur is almost dead.
The minotaur hits you with a +3 long sword of freezing!
* * * LOW HITPOINT WARNING * * *
The minotaur freezes you.
* * * LOW HITPOINT WARNING * * *
The minotaur gores you.
* * * LOW HITPOINT WARNING * * *
You feel better.
The minotaur hits you with a +3 long sword of freezing!!
You die...

#≈≈.#.#.©##.#.
##≈.#.##.°#.#. ###
##.#..##...#.
##≈###..#..Z##..#.
#≈≈≈#...#########.
########...#...#8..©#....
#..........#.8.#©...#.8..
##.##.###.8.#.⌠.#8..©#....
#8......Hh©.#.8.#########.
#.....#.#.8.#...#.##©##.#.
#######H#.#.©.#...#..#..#.#.
[8)8.8#...#.8.#.8.###†##.##.
......'.###.©.#.∩.#.#.©#..#.
:8}8.8#...#.8.#.8.##.##.###.
#######.#.#.©.#...##..#..##.
..#.#.8.#...#.##.##.#.
......©.#.8.#########.


You could see a minotaur (reflecting).

Vanquished Creatures
  Fannar (D:10)
  A two-headed ogre (D:11)
  Urug (D:12)
  An arcanist (Gauntlet)
  Maurice (D:10)
  A manticore (D:9)
  An ugly thing (D:12)
  3 cane toads (Lair:1)
  A gargoyle (D:10)
  Maggie (D:6)
  Jeremiah (D:7)
  6 trolls
  Prince Ribbit (D:6)
  A wolf spider simulacrum (Gauntlet)
  A polar bear (Lair:1)
  A tyrant leech (Gauntlet)
  A hornet (D:11)
  Grinder (D:6)
  5 blink frogs (Lair:1)
  4 slime creatures (D:12)
  8 shadows
  A ynoxinul (Gauntlet)
  9 yaks
  A wyvern (D:9)
  A basilisk (Lair:2)
  2 humans (D:11)
  4 vampire mosquitoes (D:11)
  Menkaure (D:7)
  Grum (D:10)
  A steam dragon (D:7)
  2 swamp worms (Gauntlet)
  Duvessa (D:7)
  3 water moccasins
  2 orc warriors
  3 ice beasts (D:7)
  2 black bears
  A sky beast (D:7)
  An ice dragon simulacrum (Gauntlet)
  6 ogres
  3 centaurs
  7 wolves
  2 phantoms
  5 kobold brigands
  3 gnoll sergeants
  5 scorpions
  3 bullfrogs
  19 wights
  Dowan (D:7)
  4 electric eels (D:8)
  3 howler monkeys
  A crimson imp (D:10)
  5 hounds
  A gnoll bouda (D:9)
  7 orc priests
  2 iron imps (Gauntlet)
  4 jellies
  Crazy Yiuf (D:6)
  A sleepcap (D:8)
  8 iguanas
  16 orc wizards
  Robin (D:2)
  26 gnolls
  5 adders
  6 white imps
  2 worms
  2 dart slugs
  39 orcs
  5 ball pythons
  7 endoplasms
  5 giant cockroaches
  11 hobgoblins
  8 jackals
  7 bats
  11 goblins
  24 kobolds
  3 rats
  A spectral goblin (D:3)
  A butterfly (Lair:1)
349 creatures vanquished.

Vanquished Creatures (others)
  2 kobolds (D:8)
2 creatures vanquished.

Grand Total: 351 creatures vanquished

Notes
Turn   | Place    | Note
-------+----------+-------------------------------------------
     0 | D:1      | bmb222 the Troll Shapeshifter began the quest for the Orb.
     0 | D:1      | Reached XP level 1. HP: 18/18 MP: 0/0
   322 | D:1      | Reached XP level 2. HP: 26/26 MP: 1/1
   850 | D:2      | Reached XP level 3. HP: 31/32 MP: 2/2
   893 | D:2      | Noticed Robin
   950 | D:2      | Killed Robin
   951 | D:2      | Reached skill level 1 in Fighting
   951 | D:2      | Reached skill level 4 in Unarmed Combat
  1078 | D:2      | Identified the +0 ring mail of the Pink Corner {rC+}
  1111 | D:2      | Found a bloodstained altar of Trog.
  1508 | D:3      | Reached XP level 4. HP: 41/41 MP: 3/3
  1925 | D:3      | Found a faded altar of an unknown god.
  2240 | D:3      | Found a sparkling altar of Nemelex Xobeh.
  2246 | D:3      | Found a stormy altar of Qazlal.
  2421 | D:4      | Noticed a yak
  2421 | D:4      | Noticed a yak
  2421 | D:4      | Noticed a yak
  2421 | D:4      | Noticed a yak
  2533 | D:4      | Noticed a scorpion
  2542 | D:4      | Killed a scorpion
  2543 | D:4      | Reached skill level 5 in Unarmed Combat
  2543 | D:4      | Reached XP level 5. HP: 34/48 MP: 4/4
  2564 | D:4      | Identified a scroll of acquirement
  2564 | D:4      | Acquired the amulet of the Rhinotaur {Reflect Dex+4 SH+5}
  2822 | D:4      | Killed a yak
  2823 | D:4      | Reached XP level 6. HP: 15/55 MP: 5/5
  2926 | D:4      | Reached skill level 6 in Unarmed Combat
  2945 | D:3      | Killed a yak
  2946 | D:3      | Reached XP level 7. HP: 34/62 MP: 6/6
  3112 | D:4      | Killed a yak
  3122 | D:4      | Killed a yak
  3123 | D:4      | Reached skill level 7 in Unarmed Combat
  3363 | D:4      | Reached XP level 8. HP: 68/72 MP: 7/7
  3619 | D:5      | Entered Level 5 of the Dungeon
  3700 | D:5      | Found a staircase to the Ecumenical Temple.
  3768 | D:5      | Reached skill level 8 in Unarmed Combat
  3824 | D:5      | Identified the +10 flail of Disharmony {vamp, rC+}
  4058 | D:5      | Found Sigurd's Dragon-Slaying Spoils.
  4229 | D:5      | Reached skill level 5 in Shapeshifting
  4288 | D:5      | Reached skill level 9 in Unarmed Combat
  4408 | D:5      | Found an opulent altar of Gozag.
  4723 | D:6      | Reached XP level 9. HP: 64/81 MP: 8/8
  4985 | D:6      | Found a runed translucent door.
  4986 | D:6      | Noticed Crazy Yiuf
  5212 | D:6      | Noticed Prince Ribbit
  5219 | D:6      | Killed Prince Ribbit
  5220 | D:6      | Reached skill level 10 in Unarmed Combat
  5221 | D:6      | Noticed Grinder
  5224 | D:6      | Noticed Maggie
  5237 | D:6      | Killed Maggie
  5242 | D:6      | Killed Grinder
  5564 | D:6      | Killed Crazy Yiuf
  5628 | D:7      | Noticed Duvessa
  5628 | D:7      | Noticed Dowan
  5628 | D:7      | Noticed Menkaure
  5685 | D:7      | Noticed Jeremiah
  5768 | D:7      | Killed Jeremiah
  5876 | D:7      | Killed Menkaure
  5877 | D:7      | Reached skill level 11 in Unarmed Combat
  6123 | D:7      | Reached XP level 10. HP: 91/92 MP: 9/9
  6169 | D:7      | Found Joqo Gekea's General Store.
  6372 | D:7      | Killed Duvessa
  6374 | D:7      | Killed Dowan
  6672 | D:7      | Reached skill level 5 in Dodging
  6672 | D:7      | Reached skill level 1 in Shields
  7122 | D:8      | Found a sacrificial altar of Ru.
  7405 | D:8      | Found a broken altar of Ashenzari.
  7422 | D:8      | Reached skill level 12 in Unarmed Combat
  7467 | D:8      | Reached skill level 5 in Fighting
  7632 | D:8      | Found a staircase to the Lair.
  8546 | D:9      | Noticed a manticore
  8564 | D:9      | Killed a manticore
  8565 | D:9      | Reached XP level 11. HP: 71/104 MP: 10/10
  8700 | D:9      | Noticed an obsidian statue
  8909 | D:10     | Entered Level 10 of the Dungeon
  8909 | D:10     | Noticed Grum
  8927 | D:10     | Killed Grum
  8928 | D:10     | Reached skill level 13 in Unarmed Combat
  9150 | D:10     | Noticed Maurice
  9156 | D:10     | Maurice stole a flux talisman
  9158 | D:10     | Killed Maurice
  9253 | D:10     | Found Fenovok's Fabulous Fripperies.
  9401 | D:10     | Identified the +2 arbalest "Ugosea" {penet, rN+ Will+ Int-4
                  | Stlth+}
  9519 | D:10     | Noticed Fannar
  9526 | D:10     | Killed Fannar
  9648 | D:10     | Found a burning altar of Makhleb.
  9654 | D:10     | Found a radiant altar of Vehumet.
  9832 | Lair:1   | Entered Level 1 of the Lair of Beasts
 10809 | Lair:2   | Noticed a four-headed hydra
 10886 | Lair:1   | Acquired 892 gold pieces
 11002 | D:5      | Bought +2 swamp dragon scales for 744 gold pieces
 11234 | D:11     | Noticed a two-headed ogre
 11239 | D:11     | Killed a two-headed ogre
 11240 | D:11     | Reached skill level 1 in Armour
 11587 | D:11     | Found an iron altar of Okawaru.
 11703 | D:11     | Reached XP level 12. HP: 100/118 MP: 11/11
 12033 | D:12     | Noticed Urug
 12043 | D:12     | Killed Urug
 12089 | D:12     | Identified the +6 falchion of the Unseen Realm {drain,
                  | rElec SInv}
 12119 | D:12     | Found a one-way gate to the infinite horrors of the Abyss.
 12174 | D:12     | Identified the +7 chain mail of Xusagar {Regen+ Dex+2
                  | Slay-6}
 12302 | D:12     | Found a large runed translucent door.
 12302 | D:12     | Found a large runed translucent door.
 12302 | D:12     | Found a corrupted altar of Lugonu.
 12342 | D:12     | Found a gate leading to a gauntlet.
 12351 | Gauntlet | Entered a Gauntlet
 12351 | Gauntlet | Found a transporter.
 12360 | Gauntlet | Found a transporter.
 12363 | Gauntlet | Found a transporter.
 12364 | Gauntlet | Found a transporter.
 12373 | Gauntlet | Found a transporter.
 12375 | Gauntlet | Found a transporter.
 12376 | Gauntlet | Found a transporter.
 12385 | Gauntlet | Found a transporter.
 12388 | Gauntlet | Found a transporter.
 12389 | Gauntlet | Found a transporter.
 12401 | Gauntlet | Found a transporter.
 12402 | Gauntlet | Found a transporter.
 12406 | Gauntlet | Found a transporter.
 12410 | Gauntlet | Found a transporter.
 12447 | Gauntlet | Found the ring of the Octopus King
 12649 | Gauntlet | Identified the +1 pair of boots of Uhedih {rPois rN+++
                  | Str-4}
 12674 | Gauntlet | Identified a ring of the Octopus King {HP+2 AC+2 EV+2 SH+2
                  | SInv}
 12702 | Gauntlet | Identified the +1 helmet of the Shimmering Gods {^Contam
                  | rElec Str+2 Int+4}
 12760 | Gauntlet | Identified the ring "Kyqugoz" {rN+ Int+6 Dex+3}
 12781 | Gauntlet | Reached skill level 5 in Armour
 12798 | Gauntlet | Noticed a minotaur
 12804 | Gauntlet | Gained mutation: Your body sometimes deteriorates upon
                  | taking damage. [potion of mutation]
 12804 | Gauntlet | Gained mutation: You are occasionally teleported next to
                  | monsters. [potion of mutation]
 12804 | Gauntlet | Gained mutation: You are agile. (Dex +4, Str/Int -1)
                  | [potion of mutation]
 12805 | Gauntlet | Lost mutation: Your body sometimes deteriorates upon taking
                  | damage. [potion of mutation]
 12805 | Gauntlet | Lost mutation: You are occasionally teleported next to
                  | monsters. [potion of mutation]
 12805 | Gauntlet | Gained mutation: You passively dampen the noise of your
                  | surroundings. [potion of mutation]
 12805 | Gauntlet | Gained mutation: Your spells are a little harder to cast,
                  | but a little more powerful. [potion of mutation]
 12805 | Gauntlet | Gained mutation: Your system is resistant to poisons.
                  | (rPois) [potion of mutation]
 12824 | Gauntlet | Slain by a minotaur

Illustrated notes

Levels and vault maps discovered:
D:1:      onia_arrival_pentagram, layout_loops_corners, kennysheep_boxes
D:2:      layout_rooms, basic_altar, uniq_robin
D:3:      layout_basic, amethyst_overflow_temple_binary,
          dreamdust_ecumenical_altar_drowned_temple
D:4:      layout_basic, minmay_bent
D:5:      kb_forest_paths, layout_loops_ring, mainiacjoe_overflow_boulevard,
          nicolae_shop_dragon_depot
D:6:      layout_loops_ring, uniq_maggie, uniq_grinder, uniq_crazy_yiuf_cottage,
          uniq_prince_ribbit1
D:7:      layout_cave_pools, serial_co_window_serial, co_window_paths_b,
          co_window_paths_a, co_window_of_opportunity_a, co_window_corner_a,
          co_window_of_opportunity_a, co_window_of_opportunity_b,
          co_window_corner_cb, co_window_broadway_a, co_window_sun,
          co_window_4corner_b, glass_columns_c, glass_columns_b,
          glass_columns_c, glass_columns_c, serial_shops, shop_fountains,
          uniq_duvessa, uniq_jeremiah, uniq_menkaure
D:8:      layout_cave_pods, mainiacjoe_overflow_six_doors_small,
          mainiacjoe_overflow_concentric_impassable, erik_lair_island
D:9:      layout_basic, minmay_protected_statue
D:10:     layout_roguey, grunt_temple_overflow_lords_of_destruction,
          minmay_misc_feat_roman, nicolae_alphabet_shops, uniq_grum,
          uniq_fannar, uniq_maurice
D:11:     layout_loops_cross, okawaru_humans
D:12:     due_chaos_kobolds, layout_cave_pools, orc_0_dummy,
          gauntlet_entry_generic, uniq_urug
Lair:1:   layout_chaotic_city, st_stairs_7, chequers_serial_rivers_room_a,
          lemuel_fruit_fields, infiniplex_staircase_pool, grunt_megastairs_4
Lair:2:   layout_small_grid, shoals_dummy_entry
Gauntlet: gammafunk_gauntlet_77_escape_option
          [minmay_gauntlet_arena_77_terracotta_army,
          minmay_gauntlet_arena_77_checkered,
          minmay_gauntlet_arena_77_tiled_triplets,
          minmay_gauntlet_arena_77_two_lines, minmay_gauntlet_arena_77_squiggly,
          nicolae_gauntlet_exit_dead_adventurers]

Skill      XL: |  1  2  3  4  5  6  7  8  9 10 11 12 |
---------------+-------------------------------------+-----
Dodging        | 2 3 4 5 6 |  6.4
Fighting       | 1 2 3 4 5 7 |  7.9
Unarmed Combat | 4 5 6 7 9 11 12 13 | 13.5
Shapeshifting  | 4 5 6 7 |  7.6
Shields        | 2 4 |  4.2
Armour         | 1 5 |  5.0
Stealth        | |  0.5
Evocations     | |  0.5

Action                     |  1- 3 |  4- 6 |  7- 9 | 10-12 || total
---------------------------+-------+-------+-------+-------++-------
  Melee: Unarmed           |   117 |    61 |   230 |   503 ||   911
         Punch             |     3 |     2 |     9 |    27 ||    41
  Evoke: Wand              |       |       |     4 |     5 ||     9
    Use: Potion            |     2 |       |     2 |     8 ||    12
         Scroll            |       |     7 |     2 |     9 ||    18
   Stab: Distracted        |       |       |     1 |       ||     1
         Sleeping          |       |       |     2 |       ||     2
         Paralysed         |       |       |     2 |       ||     2
 Armour: Animal skin       |    57 |    38 |   101 |       ||   196
         Skin              |    38 |       |       |    21 ||    59
         Robe              |       |       |    17 |   242 ||   259
         Swamp dragon scal |       |       |       |   102 ||   102
  Dodge: Dodged            |    43 |    26 |    82 |   239 ||   390
  Block: Other             |       |     3 |    19 |    87 ||   109
         Reflection        |       |       |       |     4 ||     4
   Form: Beast             |       |       |       |     1 ||     1
         Flux              |       |       |       |     1 ||     1

Table legend: (Time is in decaauts)
 A = Elapsed time spent in this place.
 B = Non-inter-level travel time spent in this place.
 C = Inter-level travel time spent in this place.
 D = Time resting spent in this place.
 E = Time spent auto-exploring this place.
 F = Levels seen in this place.
 G = Mean time per level.
                   A        B        C        D        E       F      G
               +--------+--------+--------+--------+--------+-----+--------+
         Total |  12662 |  11760 |    902 |   1060 |   8179 |  15 |  844.1 |
       Dungeon |  11148 |  10275 |    873 |   1014 |   7211 |  12 |  929.0 |
          Lair |   1057 |   1028 |     29 |      0 |    850 |   2 |  528.5 |
      Gauntlet |    456 |    456 |      0 |     46 |    118 |   1 |  456.0 |
               +--------+--------+--------+--------+--------+-----+--------+

Top non-repeatable levels by time:
     D:7: 1423 daAuts
     D:5: 1156 daAuts
     D:3: 1152 daAuts
     D:8: 1088 daAuts
     D:4: 1060 daAuts
     D:6: 1038 daAuts
    D:10: 887 daAuts
    D:11: 864 daAuts
  Lair:1: 812 daAuts
     D:1: 786 daAuts
     D:9: 785 daAuts
     D:2: 598 daAuts
Gauntlet: 456 daAuts
    D:12: 305 daAuts
  Lair:2: 245 daAuts
